Map: Old Republic LE

Players

HoldTheDoor

  • Race: Protoss Protoss
  • League: Diamond
  • Spawn Location: 7:00

Elektrycerz - Winner!

  • Race: Terran Terran
  • League: Diamond
  • Spawn Location: 1:00

VOD

Have the link to the VOD?

Description

Time

  • Played on: May 22, 2026, 12:26 p.m.
  • Length: 19:39
Show
View Real Time Build Order
Export as new Build Order

HoldTheDoor Protoss 

Build Orders:  

Get SALT Encoding   

  12  0:00  Probe  
  13  0:12  Probe  
  14  0:17  Pylon  
  14  0:24  Probe  
  15  0:32  Probe  
  15  0:38  Gateway  
  15  0:40  Probe  
  16  0:49  Assimilator  
  17  0:50  Probe  
  18  1:03  Probe  
  19  1:06  Pylon  
  19  1:15  Probe  
  20  1:25  Pylon  
  20  1:27  Probe  
  21  1:39  Probe  
  22  1:40  Cybernetics Core  
  22  1:50  Nexus  
  22  1:51  Pylon  
  22  1:53  Assimilator  
  22  1:55  Probe  
  23  2:09  Probe  
  23  2:12  Adept  
  24  2:16  Warp Gate  
  26  2:28  Shield Battery  
  26  2:29  Probe  
  27  2:38  Pylon  
  27  2:41  Probe, Sentry  
  30  2:53  Probe  
  30  2:56  Pylon  
  31  3:03  Probe  
  31  3:05  Probe  
  33  3:15  Probe  
  33  3:17  Stalker, Shield Battery, Probe  
  35  3:26  Gateway  
  37  3:27  Probe  
  37  3:28  Gateway  
  37  3:29  Probe  
  39  3:39  Probe  
  40  3:41  Probe  
  41  3:51  Probe  
  41  3:54  Probe  
  43  3:58  Robotics Facility  
  43  4:00  Twilight Council  
  43  4:04  Probe  
  43  4:06  Assimilator, Probe  
  43  4:08  Zealot  
  47  4:16  Probe  
  48  4:20  Gateway, Probe  
  49  4:25  Zealot  
  49  4:26  Zealot, Charge  
  49  4:29  Sentry  
  49  4:30  Probe  
  56  4:37  Probe  
  57  4:45  Forge  
  57  4:46  Pylon  
  57  4:48  Immortal  
  61  4:52  Pylon  
  61  4:54  Probe  
  61  4:58  Assimilator  
  62  5:00  Pylon  
  62  5:04  Probe  
  62  5:05  Pylon  
  63  5:09  Protoss Ground Weapons Level 1  
  63  5:11  Zealot x2  
  63  5:12  Zealot  
  69  5:18  Robotics Bay  
  69  5:21  Probe x2  
  69  5:44  Stalker x4  
  76  6:01  Photon Cannon  
  76  6:08  Photon Cannon  
  76  6:13  Probe  
  76  6:15  Probe  
  78  6:22  Colossus  
  84  6:27  Pylon  
  84  6:28  Gateway  
  84  6:31  Gateway  
  84  6:34  Nexus  
  84  6:42  Probe  
  84  6:43  Probe  
  84  6:46  Zealot x3  
  92  6:49  Zealot  
  94  7:07  Stalker x3  
  98  7:10  Probe x2  
  98  7:15  Photon Cannon  
  101  7:22  Probe  
  101  7:23  Probe, Photon Cannon  
  101  7:27  Pylon  
  102  7:30  Pylon  
  102  7:34  Pylon  
  102  7:45  Probe, Protoss Ground Armor Level 1  
  102  7:47  Photon Cannon  
  103  7:53  Shield Battery  
  103  7:54  Pylon  
  103  8:01  Probe x2  
  103  8:02  Probe  
  103  8:03  Colossus  
  112  8:08  Stargate  
  112  8:13  Probe  
  112  8:14  Sentry x2  
  112  8:16  Stargate  
  112  8:17  Assimilator  
  112  8:18  Probe  
  118  8:26  Protoss Air Weapons Level 1  
  118  8:37  Probe x2  
  118  8:41  Stalker x5  
  122  8:42  Stalker  
  132  8:50  Templar Archives  
  132  8:53  Phoenix  
  134  8:59  Colossus  
  134  9:02  Phoenix  
  142  9:07  Zealot x2  
  142  9:08  Zealot  
  148  9:15  Pylon  
  140  9:27  Probe  
  141  9:35  Protoss Ground Armor Level 2, Photon Cannon  
  141  9:39  Probe x2  
  141  9:43  Photon Cannon  
  141  9:45  Photon Cannon  
  143  9:48  Pylon  
  143  9:50  Probe, Shield Battery  
  143  9:51  Shield Battery, Probe  
  145  9:54  Shield Battery  
  145  9:57  Pylon  
  145  10:01  Colossus  
  145  10:03  Phoenix  
  153  10:07  Phoenix  
  153  10:09  Probe  
  153  10:11  Assimilator  
  156  10:22  High Templar x3  
  162  10:30  Psionic Storm  
  162  10:45  Zealot x3  
  168  10:51  Gateway  
  168  10:55  Gateway  
  168  10:58  Pylon  
  168  10:59  Extended Thermal Lance  
  168  11:02  Phoenix, Pylon  
  168  11:03  Phoenix  
  172  11:04  Pylon  
  172  11:07  Gateway x2, Fleet Beacon  
  172  11:11  Observer  
  172  11:18  Pylon  
  173  11:21  Pylon x2  
  173  11:24  Pylon  
  173  11:34  Nexus  
  173  11:36  Pylon  
  173  11:46  High Templar  
  175  11:47  High Templar  
  175  11:48  High Templar x2  
  175  11:51  Pylon  
  175  11:52  Archon  
  181  11:58  High Templar  
  181  12:00  Zealot x3  
  189  12:02  Protoss Ground Weapons Level 2  
  189  12:03  Archon  
  189  12:11  Probe  
  188  12:21  Pylon  
  134  12:40  Stalker x8  
  134  12:41  Stalker x2  
  85  13:23  Zealot x2  
  85  13:24  Zealot x8  
  95  13:27  Tempest x2  
  95  13:29  Immortal  
  107  13:34  Pylon  
  107  13:38  Photon Cannon, Shield Battery  
  107  13:42  Shield Battery  
  107  13:48  Probe  
  108  13:52  Probe x2  
  108  13:53  Probe  
  111  13:56  High Templar x3  
  111  13:58  High Templar  
  111  14:00  Probe  
  120  14:03  Dark Shrine  
  120  14:08  Immortal  
  120  14:09  Pylon  
  124  14:17  Tempest  
  128  14:24  Tempest  
  132  14:31  Protoss Air Armor Level 1  
  132  14:36  Zealot  
  132  14:37  Zealot x2  
  132  14:38  Zealot  
  140  14:40  Assimilator  
  140  14:43  Assimilator  
  140  14:46  Sentry x2  
  140  14:48  Zealot x2  
  140  14:51  Zealot  
  150  14:53  Zealot  
  152  15:05  Gateway  
  152  15:06  Gateway  
  152  15:18  Dark Templar x4  
  160  15:26  Zealot x2  
  160  15:27  Zealot x3  
  170  15:33  Immortal  
  174  16:03  Zealot x4  
  174  16:04  Zealot x5  
  184  16:05  Zealot x2  
  196  16:14  Unknown  
  150  16:31  Stalker x7  
  100  16:45  Carrier  
  106  16:50  Archon  
  106  16:51  Zealot x3  
  112  16:54  High Templar x2  
  86  17:13  Zealot  
  86  17:14  Zealot x6  
  96  17:30  Stalker x4  
  104  17:46  Zealot x4  
  104  17:47  Zealot  
  112  17:52  Pylon  
  112  17:56  Probe  
  112  17:58  Pylon  
  111  17:59  Probe  
  112  18:11  High Templar x3  
  112  18:12  High Templar x3  
  124  18:16  Archon x3  
  124  18:17  Observer  
  125  18:27  Carrier  
  131  18:29  Probe  
  132  18:47  High Templar x2  
  132  18:48  Pylon  
  136  18:51  Archon  
  136  18:54  Pylon  
  136  18:55  Dark Templar  
  138  18:59  Pylon  
  138  19:06  Nexus  
  138  19:18  Zealot x3  
  138  19:19  Zealot  
Show
View Real Time Build Order
Export as new Build Order

Elektrycerz Terran - Winner!

Build Orders:  

Get SALT Encoding   

  12  0:00  SCV  
  13  0:13  SCV  
  14  0:17  Supply Depot  
  14  0:25  SCV  
  15  0:38  SCV  
  15  0:39  Barracks  
  16  0:44  Refinery  
  16  0:50  SCV  
  17  1:05  SCV  
  18  1:27  Marine  
  19  1:35  Command Center  
  19  1:50  Orbital Command  
  19  2:03  Factory  
  19  2:11  Barracks Reactor  
  19  2:12  Supply Depot  
  19  2:17  SCV  
  20  2:29  SCV  
  21  2:41  SCV  
  21  2:42  Bunker  
  22  2:50  Hellion  
  22  2:51  Marine x2  
  24  2:53  SCV  
  27  3:00  Refinery  
  27  3:03  Barracks  
  28  3:05  SCV  
  28  3:06  Orbital Command  
  28  3:17  Factory Tech Lab, SCV  
  28  3:18  Marine x2  
  31  3:29  SCV  
  32  3:34  Starport  
  32  3:40  Widow Mine, Marine x2  
  36  3:42  SCV  
  36  3:43  SCV  
  38  3:52  Barracks Tech Lab  
  38  3:54  SCV  
  38  3:55  SCV  
  40  3:56  Supply Depot  
  40  3:59  Marine x2  
  42  4:05  Cyclone  
  42  4:06  SCV  
  46  4:14  Supply Depot  
  46  4:18  SCV  
  46  4:21  SCV  
  46  4:22  Marine x2  
  46  4:23  Barracks Reactor  
  50  4:24  Medivac  
  50  4:30  SCV  
  53  4:33  SCV  
  53  4:37  Supply Depot  
  54  4:39  Refinery  
  54  4:42  SCV  
  54  4:44  Refinery  
  55  4:49  Siege Tank, Marine x2  
  60  4:55  SCV, Engineering Bay  
  61  5:01  Marine  
  61  5:05  SCV  
  63  5:07  Marine  
  63  5:13  SCV  
  65  5:16  Command Center  
  65  5:18  Marine x3  
  65  5:21  Raven  
  70  5:27  Terran Infantry Weapons Level 1  
  70  5:53  Marine x2  
  70  5:55  Barracks  
  70  5:57  Barracks  
  70  5:58  SCV x2, Siege Tank  
  77  6:07  Engineering Bay, Armory  
  77  6:10  SCV x2  
  77  6:11  Marine  
  78  6:22  SCV  
  79  6:29  Medivac x2  
  79  6:30  SCV  
  84  6:34  SCV  
  84  6:39  Marine  
  87  6:40  Marauder, Supply Depot  
  87  6:42  Supply Depot  
  88  7:01  Marauder  
  88  7:05  Barracks Tech Lab  
  88  7:06  Barracks Tech Lab  
  88  7:08  Stimpack  
  88  7:10  Terran Infantry Armor Level 1  
  88  7:11  Terran Vehicle And Ship Armor Level 1, Marine x2  
  88  7:12  Siege Tank, Medivac x2  
  88  7:15  Orbital Command, SCV  
  97  7:22  Marine  
  99  7:25  Marine, Marauder  
  99  7:29  Marine  
  103  7:30  Marine  
  103  7:32  SCV x2  
  103  7:36  Combat Shield  
  106  7:40  Marauder  
  106  7:42  Medivac  
  106  7:43  Marauder  
  110  7:44  SCV x2  
  110  7:46  Marauder, Terran Infantry Weapons Level 2  
  110  7:50  Refinery, SCV  
  115  7:52  Refinery  
  115  7:56  SCV x2  
  117  8:10  Supply Depot  
  117  8:12  Supply Depot  
  117  8:13  Supply Depot x2  
  117  8:32  Marine x3, SCV x2, Siege Tank  
  117  8:33  Medivac x2, SCV  
  117  8:34  Marauder  
  132  8:35  Marauder  
  132  8:36  Command Center  
  134  8:44  SCV x2  
  134  8:45  SCV  
  137  8:49  Supply Depot, Marine x2  
  137  8:51  Marine  
  137  8:52  Supply Depot  
  137  8:54  Marine  
  141  8:56  Marine  
  142  9:05  Barracks  
  142  9:06  Barracks  
  142  9:07  Supply Depot, Marine x2  
  142  9:08  Supply Depot, Missile Turret  
  142  9:09  Marine, Terran Infantry Armor Level 2  
  145  9:10  Terran Ship Weapons Level 1  
  145  9:11  Missile Turret  
  145  9:12  Marine, Missile Turret  
  145  9:13  Marine  
  129  9:25  Marine x2  
  129  9:26  Marine  
  129  9:30  Marine  
  129  9:31  Viking x2, Marine  
  136  9:39  Starport  
  136  9:43  Marine  
  137  9:47  Fusion Core  
  137  9:48  Marauder  
  137  9:52  SCV  
  140  9:54  Barracks Tech Lab x2  
  140  9:57  Starport  
  140  10:01  Viking  
  147  10:07  Marauder x2  
  146  10:30  Marine x4  
  146  10:31  SCV  
  146  10:34  Planetary Fortress  
  151  10:49  Missile Turret  
  151  10:51  SCV x3, Missile Turret  
  154  10:57  Terran Infantry Weapons Level 3  
  154  10:59  Ghost Academy  
  154  11:03  Caduceus Reactor, SCV x3  
  157  11:05  Command Center x2, Viking x3  
  157  11:06  Viking, Starport Reactor  
  157  11:08  Command Center  
  165  11:12  Terran Ship Weapons Level 2  
  165  11:15  SCV x3  
  165  11:18  Marauder x2  
  172  11:25  Refinery, SCV  
  172  11:27  SCV  
  172  11:28  SCV x2  
  176  11:34  Sensor Tower  
  176  11:35  Viking x2, Marine x2  
  176  11:37  Viking x2  
  176  11:39  Sensor Tower, Ghost, SCV  
  187  11:40  Marauder  
  187  11:41  Marine  
  187  11:43  Viking  
  187  11:45  Viking  
  196  12:07  Command Center  
  196  12:14  Marine  
  196  12:15  Marauder, Marine  
  196  12:16  Ghost  
  196  12:17  Marauder x2  
  174  12:34  Marauder x2  
  174  12:35  Viking x4  
  174  12:36  Marauder  
  161  12:38  Ghost, Marauder  
  161  12:44  Orbital Command, Ghost  
  157  12:45  Planetary Fortress  
  155  12:55  Ghost x2  
  155  12:57  Ghost  
  154  12:59  Marauder  
  134  13:07  Marine  
  121  13:14  Marauder  
  120  13:21  Marauder  
  120  13:24  Marauder x2, Ghost  
  120  13:25  Ghost  
  129  13:34  Marine  
  129  13:36  Refinery, Planetary Fortress  
  129  13:37  SCV  
  129  13:38  SCV x4  
  135  13:42  Marauder, Command Center  
  135  13:45  Ghost, Marauder  
  141  13:52  Ghost  
  141  13:53  Ghost, Planetary Fortress  
  141  13:54  Marine  
  146  13:55  Liberator  
  146  14:02  Terran Infantry Armor Level 3  
  149  14:03  Marine  
  149  14:04  SCV x5  
  149  14:07  Marauder  
  157  14:13  Marauder  
  157  14:14  Marauder  
  161  14:18  Refinery  
  161  14:19  Refinery  
  161  14:20  Ghost x2  
  161  14:21  Viking  
  161  14:22  Marauder  
  169  14:26  Concussive Shells  
  169  14:28  Marauder  
  171  14:34  Marauder  
  171  14:35  Barracks  
  171  14:36  Marauder  
  175  14:41  Barracks  
  175  14:43  Marine  
  176  14:47  SCV  
  176  14:49  Marine x3  
  176  14:50  SCV x2  
  182  14:55  Orbital Command  
  182  15:01  Command Center  
  182  15:03  Command Center  
  182  15:09  Ghost x3, Marauder  
  182  15:10  Marauder  
  182  15:11  Viking x2, Liberator  
  199  15:18  Marine  
  200  15:35  Barracks Tech Lab x2  
  200  15:37  Personal Cloaking  
  200  15:38  Advanced Ballistics  
  200  15:51  Missile Turret  
  200  15:54  Missile Turret  
  128  16:41  Ghost x3  
  128  16:42  Marauder x3  
  128  16:44  Ghost  
  128  16:45  Ghost  
  142  16:47  Viking  
  142  16:48  Viking x5  
  148  17:02  Ghost  
  148  17:03  Ghost x2  
  147  17:09  Ghost  
  147  17:10  Ghost  
  149  17:17  Viking  
  149  17:18  Viking, Medivac  
  153  17:31  Marine x3  
  153  17:33  Ghost x3  
  156  17:47  Ghost  
  156  17:48  Marauder  
  156  17:49  Ghost, Marine x2, Liberator x2  
  156  17:50  Liberator, Medivac x3  
  173  18:02  Marine  
  174  18:05  Command Center  
  174  18:07  Command Center  
  174  18:15  Unknown  
  174  18:16  Ghost x2  
  174  18:17  Marine x2  
  174  18:18  Marauder x2  
  184  18:20  Orbital Command  
  184  18:24  Orbital Command  
  184  18:30  Orbital Command  
  184  18:38  Armory  
  184  18:45  Ghost x2  
  184  18:46  Ghost, Marauder  
  184  18:47  Marauder x2  
  184  18:48  Medivac, Viking  
Tags
 
Add a new tag
Caveats
  • Supply blocks, unpowered buildings, or Contaminate may cause inaccurate times.
  • Supply counts are checked every 10 seconds.